 Dungeon Crawl Stone Soup version 0.27.0-1-g7a089689b8 (webtiles) character file.

Game seed: 10242942775609053184

94372 bnorton916 the Destroyer (level 15, -13/95 HPs)
             Began as a Deep Elf Conjurer on Aug 12, 2021.
             Was an Elder of Vehumet.
             Shot with a bolt by a yaktaur (24 damage)
             ... on level 15 of the Dungeon.
             The game lasted 01:38:18 (44568 turns).

bnorton916 the Destroyer (Deep Elf Conjurer)       Turns: 44568, Time: 01:38:18

Health: -13/95     AC: 13    Str:  7    XL:     15   Next: 63%
Magic:  31/31      EV: 20    Int: 31    God:    Vehumet [****..]
Gold:   2101       SH:  5    Dex: 16    Spells: 1/35 levels left

rFire    + . .     SeeInvis .   S - +6 rapier (flame)
rCold    + . .     Faith    .   (no shield)
rNeg     + . .     Spirit   .   D - +2 steam dragon scales
rPois    .         Reflect  +   a - +0 helmet of the Devil {Contam rF+ rC+ rCorr}
rElec    .         Harm     .   f - +0 cloak
rCorr    +         Rampage  .   d - +2 pair of gloves {Dex+3}
Will     +....                  m - +0 pair of boots
Stlth    ++........             E - amulet of reflection
HPRegen  0.25/turn              K - +4 ring of evasion
MPRegen  0.22/turn              s - ring of Summertime {Wiz rN+ Int+4}

@: about to teleport
A: no striking features
a: Renounce Religion


You were on level 15 of the Dungeon.
You worshipped Vehumet.
Vehumet was greatly pleased with you.
You visited 4 branches of the dungeon, and saw 24 of its levels.
You visited the Abyss 1 time.
You also visited: Sewer and Bailey.

You collected 2918 gold pieces.
You spent 817 gold pieces at shops.

Inventory:

Hand Weapons
 R - the +6 arbalest of Wisdom {freeze, Int+2 Stlth+}
   (You took it off a goblin in a bailey)

   Any ammunition fired from it freezes those it strikes, dealing additional
   cold damage.
   It can also slow down cold-blooded creatures.
   Int:       It affects your intelligence (+2).
   Stlth:     It makes you more stealthy.
 S - a +6 rapier of flaming (weapon)
Missiles
 e - 704 stones
 j - 61 poisoned darts
 W - a throwing net
Armour
 a - the +0 helmet of the Devil (worn) {Contam rF+ rC+ rCorr}
   (You bought it in a shop on level 2 of the Orcish Mines)

   rF:        It protects you from fire.
   rC:        It protects you from cold.
   Contam:    It causes magical contamination when unequipped.
   rCorr:     It protects you from acid and corrosion.
 c - the +2 robe of a sewer {Int+8 Stlth+}
   (You bought it in a shop on level 2 of the Orcish Mines)

   Int:       It affects your intelligence (+8).
   Stlth:     It makes you more stealthy.
 d - a +2 pair of gloves of dexterity (worn)
 f - a +0 cloak (worn)
 g - a +1 helmet of see invisible
 m - a +0 pair of boots (worn)
 D - +2 steam dragon scales (worn)
 L - the +0 plate armour of a wizard's laboratory {rPois Will+ Str+2 Dex+5}
   (You took it off a goblin in a bailey)

   Str:       It affects your strength (+2).
   Dex:       It affects your dexterity (+5).
   rPois:     It protects you from poison.
   Will:      It increases your willpower.
 T - the +1 plate armour of the Grey Skies {Drain rC+ Str+4 Slay+3}
   (You took it off a hobgoblin in a bailey)

   Str:       It affects your strength (+4).
   Slay:      It affects your accuracy & damage with ranged weapons and melee
   (+3).
   rC:        It protects you from cold.
   Drain:     It drains your maximum health when unequipped.
Jewellery
 o - a ring of protection from cold
 q - a ring of willpower
 s - the ring of Summertime (right hand) {Wiz rN+ Int+4}
   (You acquired it on level 13 of the Dungeon)

   [ring of wizardry]

   It improves your spell success rate.
   Int:       It affects your intelligence (+4).
   rN:        It protects you from negative energy.
 y - a +6 ring of intelligence
 A - an amulet of faith
 B - a +6 ring of dexterity
 E - an amulet of reflection (around neck)
 K - a +4 ring of evasion (left hand)
 N - the ring of Comy {Will+ Int+6 Stlth+}
   (You took it off an orc high priest on level 9 of the Dungeon)

   [ring of intelligence]

   Int:       It affects your intelligence (+6).
   Will:      It increases your willpower.
   Stlth:     It makes you more stealthy.
 U - a ring of willpower
 V - a ring of resist corrosion
Wands
 l - a wand of iceblast (33)
 v - a wand of digging (23)
 M - a wand of flame (45)
 P - a wand of polymorph (27)
 Z - a wand of mindburst (14)
Scrolls
 h - a scroll of teleportation
 p - 2 scrolls of enchant weapon
 t - 4 scrolls of identify
 u - a scroll of fear
 w - a scroll of brand weapon
 x - a scroll of enchant armour
 C - 4 scrolls of magic mapping
 Y - a scroll of blinking {unknown}
Potions
 b - 2 potions of attraction
 i - 8 potions of lignification
 k - 2 potions of invisibility {unknown}
 n - a potion of haste
 r - 4 potions of curing
 z - 10 potions of ambrosia
 F - a potion of mutation
 G - a potion of magic
 H - 2 potions of might
 J - 2 potions of flight {unknown}
 O - 2 potions of brilliance
 Q - a potion of berserk rage
 X - a potion of resistance {unknown}
Miscellaneous
 I - a lightning rod (4/4)


   Skills:
 - Level 11.4 Fighting
 - Level 7.8 Short Blades
 - Level 8.1 Dodging
 - Level 2.4 Stealth
 + Level 10.9 Spellcasting
 - Level 14.8 Conjurations
 - Level 7.4 Hexes
 - Level 6.1 Translocations
 + Level 6.0 Transmutations
 - Level 6.9 Fire Magic
 - Level 11.1 Ice Magic
 - Level 4.7 Earth Magic
 + Level 6.0 Poison Magic


You had one spell level left.
You knew the following spells:

 Your Spells              Type           Power      Damage    Failure   Level
a - Magic Dart            Conj           100%       1d8       0%          1
b - Searing Ray           Conj           100%       3d7       0%          2
c - Fulminant Prism       Conj/Hex       36%        3d18      1%          4
d - Iskenderun's Mystic   Conj/Tloc      70%        2d14      1%          4
e - Foxfire               Conj/Fire      100%       2x1d9     1%          1
f - Frozen Ramparts       Ice            100%       1d12      1%          3
g - Eringya's Noxious Bo  Tmut/Pois      26%        N/A       4%          6
h - Orb of Destruction    Conj           41%        9d14      1%          7
i - Starburst             Conj/Fire      35%        8x6d10    1%          6

Your spell library contained the following spells:

 Spells                   Type           Power      Damage    Failure   Level
 Iskenderun's Battlesphe  Conj           83%        2d13      1%          5
 Passwall                 Tmut/Erth      41%        N/A       1%          2
 Slow                     Hex            58%        N/A       1%          2
 Static Discharge         Conj/Air       58%        N/A       1%          2
 Confusing Touch          Hex            58%        N/A       1%          3
 Dazzling Flash           Conj/Hex       100%       N/A       1%          3
 Summon Guardian Golem    Hex/Summ       39%        N/A       1%          3
 Hailstorm                Conj/Ice       78%        3d16      1%          4
 Ice Form                 Ice/Tmut       63%        N/A       1%          4
 Leda's Liquefaction      Hex/Erth       26%        N/A       1%          4
 Bolt of Magma            Conj/Fire/Erth 32%        4d14      1%          5
 Lightning Bolt           Conj/Air       29%        1d45      1%          5
 Iron Shot                Conj/Erth      33%        9d7       1%          6
 Swiftness                Air            16%        N/A       3%          3
 Vampiric Draining        Necr           8%         2d7       3%          3
 Silence                  Hex/Air        19%        N/A       8%          5
 Invisibility             Hex            29%        N/A       9%          6
 Spellforged Servitor     Conj/Summ      29%        N/A       13%         7
 Dispersal                Tloc           26%        N/A       16%         6
 Simulacrum               Ice/Necr       25%        N/A       19%         6
 Statue Form              Tmut/Erth      33%        N/A       21%         6
 Agony                    Necr           16%        N/A       32%         5
 Disjunction              Tloc           26%        N/A       99%         8
 Maxwell's Capacitive Co  Air            8%         ∞         100%        8


Dungeon Overview and Level Annotations

Branches:
Dungeon (15/15)            Temple (1/1) D:6            Lair (6/6) D:9
 Shoals (0/4) Lair:2        Snake (0/4) Lair:4        Slime (0/5) Lair:5
    Orc (2/2) D:9             Elf (0/3) Orc:2        Vaults (0/5) D:13
  Sewer (visited)          Bailey (visited)
 Depths: D:15

Altars:
Ashenzari
Cheibriados
Dithmenos
Elyvilon
Fedhas
Gozag
Hepliaklqana
Kikubaaqudgha
Makhleb
Nemelex Xobeh
Okawaru
Qazlal
Ru
Sif Muna
Trog
Uskayaw
Vehumet
Wu Jian
Xom
Yredelemnul
Zin
The Shining One
Beogh
Jiyva

Shops:
Orc:2 ==[[[

Annotations:
Lair:5 1 runed translucent door


Message History

You see here a +0 giant spiked club.
There is an open door here.
Found a falchion.
A yaktaur comes into view.
You hear a distant slurping noise.
A yaktaur is nearby!
Casting: Orb of Destruction (dangerous; 1% risk of failure)
Confirm with . or Enter, or press ? or * to list all spells.
Okay, then.
Unknown command.
A yaktaur comes into view.
Found a trident.
A yaktaur comes into view.
A yaktaur comes into view.
The yaktaur shouts!
You hear a shout!
The yaktaur wields a +0 arbalest.
The yaktaur shoots a bolt.
The bolt hits you!!
A yaktaur comes into view.
You close the door.
You open the door.
The yaktaur shoots a bolt.
The bolt closely misses you.
The yaktaur wields a +5 arbalest.
The yaktaur shoots a bolt.
You reflect the bolt off an invisible shield around you!
The bolt barely misses the yaktaur.
The bolt hits the yaktaur!!
The yaktaur shoots a bolt.
The bolt misses you.
The yaktaur wields a +0 arbalest.
The yaktaur shoots a bolt.
The bolt completely misses you.
There is an open door here.
The yaktaur shouts!
The yaktaur shoots a bolt.
The bolt hits you!!
You hit the yaktaur. You burn the yaktaur.
The yaktaur is moderately wounded.
The yaktaur unwields a +5 arbalest.
The yaktaur closely misses you.
The yaktaur wields a +0 arbalest.
The yaktaur shoots a bolt.
The bolt barely misses you.
Unknown command.
As you read the scroll of teleportation, it crumbles to dust.
You feel strangely unstable.
The yaktaur shoots a bolt.
The bolt hits you!!
* * * LOW HITPOINT WARNING * * *
The yaktaur shoots a bolt.
The bolt hits you!!
You die...

.......#............#
#....#
...).).#......##...##
#....#
.......#......##)..##
#....#
.......#............#
#....#
.......##.##..##....#
#..).#
....########..##...##
#....# ....#
........#######
#....# ....#
.........#c...#
#....' ....#
.##......'@.c.#
#....#
....#####......#.c..#
#....#
....#..#########cc..#
#....#
....'..#.......#....#
#....#
....####.......#..)##
#....#
...............#####
#....#
...............#
#########....#
...............#
#.............
...............#
#.............


You could see 5 yaktaurs.

Vanquished Creatures
  Louise (D:14)
  An ettin (Orc:2)
  A fire dragon (D:15)
  Fannar (Lair:1)
  6 centaur warriors
  4 boulder beetles
  An ice dragon (D:9)
  2 ogre magi
  8 two-headed ogres
  6 hydras
  A tengu warrior (D:12)
  A death yak (Lair:4)
  Urug (D:11)
  An orc high priest (D:9)
  Nergalle (Lair:1)
  2 goliath frogs (Lair:6)
  A lindwurm (Lair:4)
  8 orc knights
  A deep elf pyromancer (D:13)
  An orc sorcerer (Bailey)
  A wolf spider (D:15)
  11 ugly things
  6 cyclopes
  12 elephants
  2 manticores
  7 black mambas
  A merfolk siren (Lair:2)
  19 cane toads
  9 komodo dragons
  2 kobold demonologists
  5 rime drakes
  3 efreet
  A tengu conjurer (D:12)
  6 meliai
  A polar bear (Lair:5)
  2 queen bees
  2 trolls
  A merfolk (D:12)
  A hornet (D:11)
  4 slime creatures (D:14)
  3 tyrant leeches (Lair:6)
  Grinder (D:3)
  12 dream sheep
  11 blink frogs
  Sigmund (D:3)
  A shadow (D:11)
  A spriggan (D:12)
  10 wyverns
  A human (D:12)
  42 yaks
  A hog (shapeshifter) (D:14)
  3 steam dragons (D:7)
  9 vampire mosquitoes
  4 basilisks
  A human (shapeshifter) (D:13)
  9 wargs (Orc:2)
  2 acid dragons
  A naga (Lair:4)
  2 hell hounds (Lair:5)
  19 water moccasins
  44 orc warriors
  2 black bears
  An ice beast (D:5)
  A necrophage (D:6)
  12 ogres
  24 wolves
  A centaur (shapeshifter) (D:9)
  11 centaurs
  3 phantoms
  2 kobold brigands
  27 bullfrogs
  A wyvern zombie (D:9)
  7 scorpions
  5 wights (D:6)
  58 killer bees
  7 electric eels
  6 howler monkeys
  7 centaur zombies
  A bullfrog zombie (D:5)
  A jelly (D:8)
  Crazy Yiuf (D:2)
  A bullfrog skeleton (D:4)
  9 orc priests
  A gnoll shaman (D:5)
  5 hounds
  Ijyb (D:3)
  Terence (D:3)
  15 orc wizards
  6 iguanas
  13 hell rats (Lair:5)
  A killer bee zombie (D:8)
  13 gnolls
  14 adders
  A river rat (D:5)
  2 white imps (D:6)
  4 ufetubi
  5 worms
  102 orcs
  7 bats
  4 bat skeletons (D:12)
  3 bat zombies (D:12)
  9 endoplasms
  17 giant cockroaches
  26 goblins
  19 hobgoblins
  11 jackals
  14 kobolds
  5 quokkas (Sewer)
  17 ball pythons
  17 frilled lizards
  4 rats
848 creatures vanquished.

Vanquished Creatures (others)
  Nessos (Lair:5)
  An orb spider (shapeshifter) (D:13)
  2 electric eels (D:13)
  A kobold (D:12)
  103 foxfires
  93 fulminant prisms
  104 fungi
  226 plants
531 creatures vanquished.

Grand Total: 1379 creatures vanquished

Notes
Turn   | Place    | Note
-------+----------+-------------------------------------------
     0 | D:1      | bnorton916 the Deep Elf Conjurer began the quest for the
                  | Orb.
     0 | D:1      | Reached XP level 1. HP: 10/10 MP: 6/6
   243 | D:1      | Reached XP level 2. HP: 15/15 MP: 5/8
   613 | D:1      | You fall into a shaft and drop 1 floor!
   787 | D:2      | Reached skill level 5 in Conjurations
   787 | D:2      | Reached XP level 3. HP: 19/19 MP: 5/10
   799 | D:2      | Learned a level 2 spell: Searing Ray
  1606 | D:2      | Found a runed translucent door.
  1607 | D:2      | Noticed Crazy Yiuf
  1886 | D:3      | Noticed Sigmund
  1939 | D:3      | Reached skill level 5 in Spellcasting
  1939 | D:3      | Reached XP level 4. HP: 24/24 MP: 9/13
  2026 | D:3      | Reached XP level 5. HP: 16/28 MP: 7/14
  2202 | D:3      | Learned a level 4 spell: Fulminant Prism
  2207 | D:3      | Learned a level 4 spell: Iskenderun's Mystic Blast
  2231 | D:3      | Killed Sigmund
  2232 | D:3      | Reached skill level 6 in Conjurations
  2232 | D:3      | Reached XP level 6. HP: 26/32 MP: 8/17
  2297 | D:3      | Noticed Grinder
  2321 | D:3      | Killed Grinder
  2322 | D:3      | Reached skill level 7 in Conjurations
  2490 | D:3      | Noticed Terence
  2495 | D:3      | Killed Terence
  2496 | D:3      | Reached XP level 7. HP: 36/36 MP: 12/19
  2610 | D:3      | Found a burning altar of Makhleb.
  2630 | D:3      | Found a basalt altar of Yredelemnul.
  2783 | D:3      | Found a radiant altar of Vehumet.
  2784 | D:3      | Found a shadowy altar of Dithmenos.
  2785 | D:3      | Found a shimmering altar of Xom.
  2791 | D:3      | Became a worshipper of Vehumet
  2977 | D:3      | Noticed Ijyb
  2994 | D:3      | Killed Ijyb
  3868 | D:4      | Reached skill level 8 in Conjurations
  4109 | D:4      | Found a glowing silver altar of Zin.
  4113 | D:4      | Reached skill level 1 in Hexes
  4164 | D:5      | Entered Level 5 of the Dungeon
  4168 | D:5      | Reached skill level 1 in Translocations
  4184 | D:5      | Identified a scroll of acquirement
  4184 | D:5      | Acquired a +2 pair of gloves of dexterity
  4204 | D:5      | Reached XP level 8. HP: 37/41 MP: 14/22
  4227 | D:5      | Reached * piety under Vehumet
  4227 | D:5      | Offered knowledge of Freeze by Vehumet.
  4369 | D:5      | Found a glowing drain.
  4377 | Sewer    | Entered a sewer
  4957 | Sewer    | Offered knowledge of Foxfire by Vehumet.
  4960 | Sewer    | Learned a level 1 spell: Foxfire
  4979 | Sewer    | Reached ** piety under Vehumet
  5568 | Sewer    | Offered knowledge of Conjure Flame by Vehumet.
  5702 | D:5      | Reached skill level 5 in Hexes
  5969 | D:5      | Reached *** piety under Vehumet
  5970 | D:5      | Reached skill level 5 in Translocations
  6515 | D:6      | Reached XP level 9. HP: 27/45 MP: 14/23
  6658 | D:6      | Found an opulent altar of Gozag.
  6727 | D:6      | Reached skill level 1 in Fire Magic
  7015 | D:6      | Offered knowledge of Sticky Flame by Vehumet.
  7048 | D:6      | Found a staircase to the Ecumenical Temple.
  7621 | Temple   | Entered the Ecumenical Temple
  8308 | D:7      | Reached skill level 5 in Dodging
  8470 | D:7      | Found a bloodstained altar of Trog.
  9341 | D:7      | Reached skill level 5 in Fire Magic
 10019 | D:8      | Reached XP level 10. HP: 50/50 MP: 21/24
 10552 | D:8      | Reached **** piety under Vehumet
 10885 | D:8      | Found a sparkling altar of Nemelex Xobeh.
 11032 | D:9      | Offered knowledge of Frozen Ramparts by Vehumet.
 11037 | D:9      | Learned a level 3 spell: Frozen Ramparts
 11122 | D:9      | Reached skill level 1 in Ice Magic
 11195 | D:9      | Noticed a two-headed ogre
 11203 | D:9      | Killed a two-headed ogre
 11208 | D:9      | Reached skill level 5 in Ice Magic
 11474 | D:9      | Found a staircase to the Lair.
 11765 | D:9      | Found a staircase to the Orcish Mines.
 12188 | D:9      | Found a sacrificial altar of Ru.
 12456 | D:9      | Noticed a five-headed hydra
 12462 | D:9      | Killed a five-headed hydra
 12463 | D:9      | Reached XP level 11. HP: 45/54 MP: 20/25
 12517 | D:9      | Found a runed translucent door.
 12818 | D:9      | Noticed an ice dragon
 12820 | D:9      | Noticed a brown ugly thing
 12885 | Lair:1   | Entered Level 1 of the Lair of Beasts
 13127 | Lair:1   | Noticed Nergalle
 13146 | Lair:1   | Killed Nergalle
 13147 | Lair:1   | Reached skill level 10 in Ice Magic
 13395 | Lair:1   | Reached skill level 1 in Fighting
 13506 | Lair:1   | Noticed a four-headed hydra
 13512 | Lair:1   | Killed a four-headed hydra
 13573 | Lair:1   | Noticed Fannar
 13611 | Lair:1   | Killed Fannar
 14550 | Lair:1   | Reached skill level 5 in Fighting
 14948 | Lair:2   | Found a staircase to the Shoals.
 15376 | Lair:2   | Noticed a boulder beetle
 15406 | Lair:2   | Learned a level 4 spell: Hailstorm
 16144 | Lair:3   | Reached XP level 12. HP: 70/70 MP: 14/26
 16481 | Lair:3   | Reached ***** piety under Vehumet
 16482 | Lair:3   | Offered knowledge of Conjure Ball Lightning by Vehumet.
 17092 | Lair:3   | Noticed a four-headed hydra
 17099 | Lair:3   | Killed a four-headed hydra
 17359 | Lair:3   | Noticed an eight-headed hydra
 17373 | Lair:3   | Killed an eight-headed hydra
 18280 | Lair:3   | Identified the +4 battleaxe of Oenomania {vorpal, rPois
                  | rCorr Int+4}
 18380 | Lair:4   | Reached skill level 10 in Fighting
 19279 | Lair:4   | Noticed a death yak
 19281 | Lair:4   | Offered knowledge of Iron Shot by Vehumet.
 19282 | Lair:4   | Reached XP level 13. HP: 69/84 MP: 12/27
 19776 | Lair:4   | Found a staircase to the Snake Pit.
 20059 | Lair:4   | Learned a level 6 spell: Iron Shot
 20187 | Lair:4   | Reached skill level 1 in Earth Magic
 21361 | Lair:4   | Acquired a book of Dangerous Friends
 21669 | Lair:5   | Found a stormy altar of Qazlal.
 21763 | Lair:5   | Reached skill level 9 in Conjurations
 21773 | Lair:5   | Found a gate leading to a gauntlet.
 22037 | Lair:5   | Found a runed translucent door.
 22037 | Lair:5   | Found a viscous altar of Jiyva.
 22037 | Lair:5   | Noticed an acid blob
 22037 | Lair:5   | Noticed an acid blob
 22038 | Lair:5   | Noticed an acid blob
 22039 | Lair:5   | Found a staircase to the Slime Pits.
 22374 | Lair:5   | Reached skill level 10 in Conjurations
 22704 | Lair:5   | Noticed Nessos
 22720 | Lair:5   | Learned a level 7 spell: Orb of Destruction
 22739 | Lair:5   | Killed Nessos
 22749 | Lair:5   | Reached skill level 11 in Conjurations
 24270 | Lair:6   | Entered Level 6 of the Lair of Beasts
 24429 | Lair:6   | Reached skill level 12 in Conjurations
 24446 | Lair:6   | Offered knowledge of Irradiate by Vehumet.
 24754 | Lair:6   | Reached XP level 14. HP: 90/90 MP: 12/28
 25476 | Lair:6   | Reached skill level 1 in Short Blades
 26211 | Lair:6   | Reached skill level 13 in Conjurations
 26950 | Orc:1    | Entered Level 1 of the Orcish Mines
 27771 | Orc:2    | Entered Level 2 of the Orcish Mines
 28242 | Orc:2    | Found Juiptat's Jewellery Emporium.
 28741 | Orc:2    | Found a staircase to the Elven Halls.
 30293 | Orc:2    | Reached skill level 5 in Short Blades
 31148 | Orc:2    | Offered knowledge of Eringya's Noxious Bog by Vehumet.
 31310 | Orc:2    | Found Wegocuig's Antique Armour Shoppe.
 31310 | Orc:2    | Found Zomnidua's Antique Armour Boutique.
 31329 | Orc:2    | Bought a glimmering helmet for 342 gold pieces
 31329 | Orc:2    | Identified the +0 helmet of the Devil {Contam rF+ rC+
                  | rCorr} (You bought it in a shop on level 2 of the Orcish
                  | Mines)
 31342 | Orc:2    | Bought a thick robe for 205 gold pieces
 31342 | Orc:2    | Identified the +2 robe of a sewer {Int+8 Stlth+} (You
                  | bought it in a shop on level 2 of the Orcish Mines)
 31342 | Orc:2    | Bought a glowing helmet for 270 gold pieces
 31369 | Orc:2    | Found Lixar's Jewellery Shoppe.
 31369 | Orc:2    | Found Lanetinu's Armour Boutique.
 31671 | D:10     | Entered Level 10 of the Dungeon
 31677 | D:10     | Identified the +1 ring mail of Deiragul {-Tele rElec rPois}
 32051 | D:10     | Reached skill level 14 in Conjurations
 32896 | D:11     | Noticed Urug
 32900 | D:11     | Killed Urug
 34642 | D:12     | Found an ancient bone altar of Kikubaaqudgha.
 36013 | D:9      | Identified the +9 morningstar "Ulyxtep" {venom, Contam
                  | rPois Dex+2}
 36013 | D:9      | Identified the ring of Comy {Will+ Int+6 Stlth+}
 36566 | D:2      | Killed Crazy Yiuf
 36748 | Lair:1   | Learned a level 6 spell: Eringya's Noxious Bog
 36845 | D:13     | Found a flagged portal.
 36972 | Bailey   | Entered a bailey
 37129 | Bailey   | Reached skill level 1 in Transmutations
 37129 | Bailey   | Reached skill level 1 in Poison Magic
 37129 | Bailey   | Reached XP level 15. HP: 95/95 MP: 16/29
 37484 | Bailey   | Identified the +1 plate armour of the Grey Skies {Drain rC+
                  | Str+4 Slay+3}
 37512 | Bailey   | Identified the +6 arbalest of Wisdom {freeze, Int+2 Stlth+}
 37524 | Bailey   | Found an iron altar of Okawaru.
 37536 | Bailey   | Identified the +0 plate armour of a wizard's laboratory
                  | {rPois Will+ Str+2 Dex+5}
 37961 | Bailey   | Offered knowledge of Starburst by Vehumet.
 39208 | D:13     | Found a gate to the Vaults.
 39797 | D:13     | HP: 2/95 [meliai (12)]
 40269 | D:13     | Acquired the ring of Summertime {Wiz rN+ Int+4}
 41721 | D:14     | Reached skill level 10 in Spellcasting
 41729 | D:14     | Learned a level 6 spell: Starburst
 41810 | D:14     | Noticed Louise
 42045 | D:14     | Cast into level 2 of the Abyss (Louise)
 42140 | D:14     | Escaped the Abyss
 42155 | D:14     | Killed Louise
 42624 | D:14     | Reached skill level 5 in Poison Magic
 42629 | D:14     | Offered knowledge of Iskenderun's Battlesphere by Vehumet.
 42630 | D:14     | Reached skill level 5 in Transmutations
 43350 | D:15     | Entered Level 15 of the Dungeon
 44568 | D:15     | Shot with a bolt by a yaktaur

Illustrated notes

Levels and vault maps discovered:
D:1:      lightli_arrival_chessboard, layout_rooms, corexii_hall_statues_u
D:2:      layout_rooms, minmay_domino_2, uniq_crazy_yiuf_cottage
D:3:      layout_basic, chequers_temple_overflow_statue_of_worship,
          gammafunk_temple_overflow_pools, grunt_ministairs_7, feat_on_display,
          uniq_ijyb, uniq_terence, uniq_sigmund, uniq_grinder
D:4:      layout_basic, mainiacjoe_overflow_tiny_flanked, minmay_between
D:5:      layout_basic, portal_sewer_entry_e
D:6:      layout_gridville, lemuel_round_altar, minmay_temple_entry_nine_rooms
D:7:      kennysheep_steamy, layout_basic, trog_hazing_becter
D:8:      layout_cave_pods, marbit_many_paths
D:9:      layout_loops_ring, nicolae_ru_sacrificial_ziggurat,
          grunt_lair_entry_orc_guard_hut, erik_orc_3, minivault_13
D:10:     layout_rooms, kennysheep_potato
D:11:     layout_irregular_city, uniq_urug
D:12:     layout_loops_ring, corner_web_ring, hangedman_stone_soup,
          kennysheep_vampire_church
D:13:     layout_roguey [special_room_bee], david_vaults_2, enter_bailey_5,
          lemuel_freeze_loot_1
D:14:     layout_grid_maze, serial_park_tiny_1, special_room [special_room_orc],
          uniq_louise
D:15:     gammafunk_enter_depths_forms, layout_gridville, grunt_decor_one_mirror
Temple:   minmay_temple_bridge_abc
Lair:1:   layout_regular_city, infiniplex_staircase_pool, uniq_fannar,
          uniq_nergalle
Lair:2:   layout_roguey, minmay_shoals_entry_lonely_mermaid,
          columned_hall_lemuel, serial_bayou_pond_e, nzn_sisyphean_effort
Lair:3:   layout_roguey, wad_woods_road_02
Lair:4:   regret_index_tunnel_blossom, layout_long_grid,
          guppyfry_snake_entry_garden, serial_bayou_lagoon_a
Lair:5:   layout_misc_corridors, slime_altar_2, basic_altar,
          gauntlet_entry_generic, special_room [special_room_mythical_zoo],
          serial_bayou_pond_b, uniq_nessos
Lair:6:   minmay_lair_end_frog_pond, layout_misc_corridors
Orc:1:    layout_caves, lightli_orcish_oven
Orc:2:    st_orc_town, layout_caves, serial_shops, shop_coins

Skill      XL: |  1  2  3  4  5  6  7  8  9 10 11 12 13 14 15 |
---------------+----------------------------------------------+-----
Spellcasting   | 4 5 6 7 8 10 | 10.9
Conjurations   | 5 6 7 8 12 14 | 14.8
Hexes          | 2 7 |  7.4
Translocations | 2 5 6 |  6.1
Fire Magic     | 6 |  6.9
Dodging        | 7 8 |  8.1
Ice Magic      | 9 11 | 11.1
Fighting       | 6 10 11 | 11.4
Earth Magic    | 4 |  4.7
Short Blades   | 7 |  7.8
Transmutations | 1 6 |  6.0
Poison Magic   | 1 6 |  6.0
Stealth        | |  2.4

Action                   |  1- 3 |  4- 6 |  7- 9 | 10-12 | 13-15 || total
-------------------------+-------+-------+-------+-------+-------++-------
Melee: Dagger            |       |       |       |    22 |   146 ||   168
       Rapier            |       |       |       |       |   194 ||   194
 Cast: Magic Dart        |    85 |    20 |   257 |   117 |   234 ||   713
       Searing Ray       |     1 |     5 |    52 |    87 |    96 ||   241
       Fulminant Prism   |       |     1 |     7 |    43 |    43 ||    94
       Foxfire           |       |       |    31 |    11 |    17 ||    59
       Iskenderun's Myst |       |       |     7 |    30 |    57 ||    94
       Frozen Ramparts   |       |       |       |    20 |    69 ||    89
       Hailstorm         |       |       |       |     4 |     7 ||    11
       Orb of Destructio |       |       |       |       |   125 ||   125
       Eringya's Noxious |       |       |       |       |     1 ||     1
Evoke: Lightning rod     |       |       |       |     2 |       ||     2
       Wand              |       |       |       |     1 |     1 ||     2
  Use: Scroll            |       |       |     4 |    12 |    21 ||    37
       Potion            |       |       |       |     1 |    10 ||    11
Armor: Robe              |     6 |     1 |    24 |       |       ||    31
       Steam dragon scal |       |       |     5 |    34 |   118 ||   157
Dodge: Dodged            |    14 |     4 |    62 |   182 |   581 ||   843
Block: Other             |       |       |       |    26 |   147 ||   173
       Reflection        |       |       |       |       |    15 ||    15
